 Dungeon Crawl Stone Soup version 0.31-a0-496-g6f97920a28 (webtiles) character file.

Game seed: 1619823929322859068

114454 jasper the Nimble (level 17, -2/168 HPs)
             Began as a Human Wanderer on Aug 8, 2023.
             Was the Champion of Wu Jian.
             Hit by a javelin thrown by a merfolk javelineer (12 damage)
             ... on level 3 of the Shoals.
             The game lasted 00:50:39 (35175 turns).

jasper the Nimble (Human Wanderer)                 Turns: 35175, Time: 00:50:40

Health: -2/168     AC: 15    Str: 17    XL:     17   Next: 20%
Magic:  17/17      EV: 21    Int: 11    God:    Wu Jian [******]
Gold:   2226       SH:  5    Dex: 23    Spells: 12/16 levels left

rFire   . .          .
                       - Unarmed
rCold   + . .        (shield currently unavailable)
rNeg    . . .        O - melded +3 ring mail
rPois   .            (helmet currently unavailable)
rElec   .            Q - melded scarf {rC+ rF+}
rCorr   .            I - melded +2 pair of gloves "Gufee" {SInv}
SInv    .            x - melded +0 pair of boots
Will    +....        s - amulet of reflection
Stlth   +++          J - +4 ring of protection
HPRegen 0.48/turn    E - ring of protection from cold
MPRegen 0.15/turn

%: reflection
@: snake-form, on berserk cooldown, slowed, very slow
A: constrict, boosted hp, large
a: Begin Untransformation, Renounce Religion, Wall Jump, Serpent's Lash,
Heavenly Storm


You were on level 3 of the Shoals.
You worshipped Wu Jian.
Wu Jian was exalted by your worship.
You were an enormous anaconda.
You visited 5 branches of the dungeon, and saw 26 of its levels.
You also visited: Sewer.

You collected 2852 gold pieces.
You spent 626 gold pieces at shops.

Inventory:

Missiles
 a - 2 datura-tipped darts
 e - 7 javelins
 p - 25 boomerangs
 y - 33 poisoned darts (quivered)
 H - 2 throwing nets
 N - a curare-tipped dart
Armour
 u - a +0 buckler of reflection
 x - a +0 pair of boots (melded)
 I - the +2 pair of gloves "Gufee" (melded) {SInv}
   (You found it on level 9 of the Dungeon)

   SInv:      It lets you see invisible.
 K - a +0 kite shield
 O - a +3 ring mail (melded)
 Q - a scarf of resistance (melded)
Jewellery
 g - a ring of wizardry
 m - a ring of wizardry
 q - an amulet of the acrobat
 s - an amulet of reflection (around neck)
 v - a +6 ring of dexterity
 C - a ring of positive energy
 E - a ring of protection from cold (right hand)
 J - a +4 ring of protection (left hand)
 W - a ring of protection from fire
 Z - a ring of ice
Talismans
 k - a serpent talisman (active)
Wands
 d - a wand of digging (7)
 D - a wand of flame (57)
 R - a wand of charming (12)
 T - a wand of mindburst (2)
Scrolls
 w - 3 scrolls of amnesia
 A - a scroll of enchant armour
 B - 2 scrolls of torment
 F - 4 scrolls of teleportation
 G - 6 scrolls of identify
 M - 5 scrolls of revelation
 P - 2 scrolls of summoning
 S - 4 scrolls of enchant weapon
 V - 4 scrolls of immolation
 X - 2 scrolls of blinking
Potions
 b - 6 potions of haste
 h - 3 potions of resistance
 j - 2 potions of degeneration
 n - 2 potions of curing
 o - 5 potions of brilliance
 r - a potion of enlightenment
 t - 4 potions of attraction
 z - 3 potions of mutation
 L - 3 potions of lignification
 U - 2 potions of magic
 Y - 2 potions of might
Miscellaneous
 c - a condenser vane (inert)


   Skills:
 + Level 14.6 Fighting
 - Level 1.0 Long Blades
 - Level 1.0 Throwing
 + Level 14.6 Dodging
 - Level 3.0 Stealth
 + Level 14.6 Unarmed Combat
 - Level 3.0 Evocations
 + Level 13.4 Shapeshifting


You had 12 spell levels left.
You knew the following spells:

 Your Spells              Type           Power      Damage    Failure   Level
a - Apportation           Tloc           0%         N/A       34%         1
b - Ozocubu's Armour      Ice            0%         N/A       71%         3

Your spell library contained the following spells:

 Spells                   Type           Power      Damage    Failure   Level
 Ignite Poison            Fire/Tmut/Pois 0%         N/A       71%         3
 Volatile Blastmotes      Fire/Tloc      0%         2d10      71%         3
 Fulminant Prism          Conj/Hex       0%         3d5       98%         4
 Iskenderun's Mystic Bla  Conj/Tloc      0%         2d3       98%         4
 Sticky Flame             Conj/Fire      0%         2d3       98%         4
 Alistair's Intoxication  Tmut/Pois      0%         N/A       100%        5
 Borgnjor's Vile Clutch   Necr/Erth      0%         N/A       100%        5
 Eringya's Noxious Bog    Tmut/Pois      0%         4d6       100%        6
 Simulacrum               Ice/Necr       0%         N/A       100%        6
 Ozocubu's Refrigeration  Ice            0%         4d7       100%        7
 Ignition                 Fire           0%         3d3       100%        8
 Polar Vortex             Ice            0%         N/A       100%        9


Dungeon Overview and Level Annotations

Branches:
Dungeon (15/15)            Temple (1/1) D:4            Lair (5/5) D:8
 Shoals (3/4) Lair:2        Snake (0/4) Lair:2        Slime (0/5) Lair:5
    Orc (2/2) D:12            Elf (0/3) Orc:2        Vaults (0/5) D:13
 Depths (0/4) D:15          Sewer (visited)

Altars:
Ashenzari
Cheibriados
Dithmenos
Elyvilon
Fedhas
Gozag
Hepliaklqana
Kikubaaqudgha
Makhleb
Nemelex Xobeh
Okawaru
Qazlal
Ru
Sif Muna
Trog
Uskayaw
Vehumet
Wu Jian
Xom
Yredelemnul
Zin
The Shining One
Lugonu

Shops:
D:1 *   D:5 !   Orc:2 *[[=   Shoals:1 [

Portals:
Abyss: Shoals:3
Trove: D:14 (give 17 potions of curing)

Annotations:
D:7 2 transporters
D:15 exclusion: 2 ice statues
Lair:2 1 runed translucent door, Mightysalt's ghost, journeyman DrBe
Shoals:2 1 runed translucent door, Polyphemus
Shoals:3 1 runed translucent door
Orc:2 exclusion: oklob plant


Message History

You constrict the water elemental, but do no damage.
The water elemental closely misses you.
You take 4 damage, and have 25/252 hp.
You lash the snapping turtle!
The snapping turtle is moderately wounded.
* * * LOW HITPOINT WARNING * * *
Your lungs strain for air!
You constrict the water elemental. The snapping turtle barely misses you.
The merfolk javelineer throws a javelin.
The javelin completely misses you.
You take 3 damage, and have 22/252 hp.
You crush the snapping turtle!!!
You kill the snapping turtle!
The Council accepts your kill.
* * * LOW HITPOINT WARNING * * *
Your lungs strain for air!
You constrict the water elemental, but do no damage.
You take 4 damage, and have 18/252 hp.
You body-slam the water elemental!!
You destroy the water elemental!
The Council accepts your kill. The water engulfing you falls away.
You gasp with relief as air once again reaches your lungs.
The merfolk javelineer throws a javelin.
The javelin pierces through you!
* * * LOW HITPOINT WARNING * * *
You take 9 damage, and have 9/252 hp.
You feel a strong urge to attack something.
You are no longer berserk.
You are exhausted.
You feel yourself slow down.
You now have 6/168 hp.
The merfolk javelineer throws a javelin.
The javelin misses you.
You see here a scroll of identify.
The merfolk javelineer throws a javelin.
The javelin barely misses you.
The merfolk javelineer throws a javelin.
The javelin pierces through you!
You die...

... #....~~~~~~~~~≈~~~~~~~
#..####.....~~~.~~~~~~~~~~~~
#........#.~~..~~~~~~~~~~~~
#..........~~~~~~~~~~~~~~~~
#...>.....~~~~~~~†~~..~~~~
#######......##.~~$~~~~~~~##.~~
.......[....###.~.?~~~~~~~...~~≈
.....^.~..........?~~~~m†..~~.~≈
......~~........S##.~~~~~.....~≈
.~.....~.###......#.~~~~~.$..~~≈
~~........##.(.....~~~~~~~....~m
~~.....~...........~!~~~~~...~~~
~~~..............#.~~~~~~~...~~~
))~..............#.~~~~~~=~.~~~
≈÷~~..........(.....~~~~~.#
~~~........<...........~
...............( ~.#....~~


You could see a merfolk javelineer.

Vanquished Creatures
  Kirke (D:13)
  Azrael (D:14)
  A merfolk impaler (Shoals:2)
  Erolcha (D:11)
  5 hydras
  2 boulder beetles
  7 two-headed ogres
  5 centaur warriors
  3 merfolk avatars
  4 catoblepae
  An alligator snapping turtle (Shoals:3)
  10 death yaks
  7 orc high priests
  2 merfolk aquamancers
  Urug (Lair:3)
  5 sun demons (Shoals:2)
  7 skysharks
  2 sea snakes
  A sun moth (Shoals:2)
  3 deep trolls (D:15)
  2 deep elf pyromancers (D:14)
  2 harpies (Lair:2)
  A wizard (D:15)
  A necromancer (D:15)
  Pikel (D:5)
  4 orc knights
  2 ugly things (D:13)
  3 orc sorcerers
  A wolf spider (shapeshifter) (D:15)
  4 cyclopes (D:15)
  8 manticores
  A faun (Shoals:1)
  A salamander (Lair:2)
  Maurice (D:13)
  3 merfolk sirens
  20 elephants
  Joseph (D:8)
  A water nymph (Shoals:1)
  4 black mambas
  An apocalypse crab (Shoals:3)
  13 cane toads
  A gargoyle (D:11)
  An unseen horror (D:11)
  2 efreet
  2 kobold demonologists
  4 yaktaurs (D:15)
  4 rime drakes
  7 komodo dragons
  2 polar bears
  2 wind drakes
  11 merfolk
  7 trolls
  4 meliai
  A hornet (D:7)
  16 blink frogs
  4 dream sheep (Lair:5)
  Sigmund (D:3)
  6 snapping turtles
  A wraith (D:12)
  7 wyverns
  2 shadows
  12 slime creatures
  A vampire (D:12)
  10 water elementals
  Grum (D:8)
  2 fire elementals (D:14)
  3 hogs
  7 basilisks
  74 yaks
  Eustachio (D:8)
  8 vampire mosquitoes
  A steam dragon (Lair:3)
  7 wargs
  2 acid dragons
  4 hell hounds (D:14)
  21 water moccasins
  20 orc warriors
  4 black bears
  An ice beast (D:7)
  2 sky beasts (D:6)
  5 ogres
  11 wolves
  19 centaurs
  4 kobold brigands
  14 bullfrogs
  3 scorpions
  3 gnoll sergeants
  A wight (D:8)
  5 killer bees (D:10)
  4 howler monkeys
  An electric eel (Lair:1)
  A crimson imp (D:7)
  3 lava snakes (Lair:2)
  A quasit (D:4)
  3 hounds
  33 orc priests
  4 jellies
  2 iguanas
  A sleepcap (D:8)
  Ijyb (D:3)
  17 orc wizards
  3 hell rats (Lair:3)
  9 gnolls
  A river rat (Sewer)
  11 adders
  2 shadow imps (D:4)
  3 white imps
  An ufetubus (D:4)
  2 worms
  3 dart slugs
  85 orcs
  8 endoplasms
  A giant cockroach (D:1)
  11 goblins
  4 hobgoblins
  4 jackals (D:4)
  13 kobolds
  2 quokkas
  10 ball pythons
  4 bats
  4 frilled lizards
  10 rats
737 creatures vanquished.

Vanquished Creatures (collateral kills)
  An iguana (D:4)
  3 orcs (D:4)
  An endoplasm (D:4)
  A hobgoblin (D:4)
6 creatures vanquished.

Vanquished Creatures (others)
  A centaur simulacrum (D:15)
  A water elemental (Shoals:1)
  A human (D:13)
  A black bear (Lair:1)
  An orc priest (D:4)
  An orc (D:15)
  A quokka (D:15)
7 creatures vanquished.

Grand Total: 750 creatures vanquished

Notes
Turn   | Place    | Note
-------+----------+-------------------------------------------
     0 | D:1      | jasper the Human Wanderer began the quest for the Orb.
     0 | D:1      | jasper set off with the following items: a +2 dagger, a
                  | potion of haste, a +0 falchion, a wand of flame (5), a
                  | potion of heal wounds, a +0 leather armour.
     0 | D:1      | Reached XP level 1. HP: 15/15 MP: 1/1
    32 | D:1      | Found a faded altar of an unknown god.
    49 | D:1      | Prayed at the altar of an unknown god.
    49 | D:1      | Became a worshipper of the Wu Jian Council
    49 | D:1      | Reached * piety under Wu Jian
   184 | D:1      | Reached XP level 2. HP: 21/22 MP: 2/2
   647 | D:1      | Found Vomifryz's General Store.
   875 | D:1      | Reached skill level 1 in Unarmed Combat
  1012 | D:2      | Reached XP level 3. HP: 12/27 MP: 3/3
  2028 | D:3      | Reached XP level 4. HP: 33/34 MP: 4/4
  2083 | D:3      | Reached ** piety under Wu Jian
  2144 | D:3      | Found a glowing drain.
  2165 | Sewer    | Entered a sewer
  2444 | Sewer    | Reached XP level 5. HP: 40/40 MP: 5/5
  3027 | D:3      | Noticed Ijyb
  3036 | D:3      | Killed Ijyb
  3056 | D:3      | Noticed Sigmund
  3068 | D:3      | Killed Sigmund
  3069 | D:3      | Reached XP level 6. HP: 25/48 MP: 6/6
  3324 | D:4      | Noticed an ogre
  3390 | D:4      | Reached XP level 7. HP: 54/54 MP: 7/7
  3427 | D:3      | Reached *** piety under Wu Jian
  3679 | D:4      | Found a staircase to the Ecumenical Temple.
  3743 | Temple   | Entered the Ecumenical Temple
  4554 | D:1      | Bought a +0 pair of boots for 49 gold pieces
  4554 | D:1      | Bought a potion of berserk rage for 55 gold pieces
  4662 | D:5      | Entered Level 5 of the Dungeon
  4676 | D:5      | Reached skill level 5 in Fighting
  4676 | D:5      | Reached XP level 8. HP: 57/62 MP: 8/8
  4749 | D:5      | Noticed Pikel
  4764 | D:5      | Killed Pikel
  4765 | D:5      | Reached skill level 5 in Dodging
  4765 | D:5      | Reached skill level 5 in Unarmed Combat
  5161 | D:5      | Found Haucothro's Distillery.
  5169 | D:5      | Bought a potion of curing for 36 gold pieces
  5169 | D:5      | Bought a potion of curing for 36 gold pieces
  5325 | D:5      | Reached XP level 9. HP: 59/69 MP: 9/9
  5831 | D:6      | Found a broken altar of Ashenzari.
  6764 | D:7      | Found a bloodstained altar of Trog.
  6808 | D:7      | Reached **** piety under Wu Jian
  7097 | D:7      | Noticed a deep elf pyromancer
  7098 | D:7      | Noticed a red ugly thing
  7099 | D:7      | Found a transporter.
  7099 | D:7      | Found a transporter.
  7100 | D:7      | Noticed a gargoyle
  7107 | D:7      | Identified the +0 robe of Patience {rN+++ Dex+3}
  7115 | D:7      | Found an ancient bone altar of Kikubaaqudgha.
  7298 | D:7      | Noticed a hornet
  7306 | D:7      | Killed a hornet
  7669 | D:7      | Found a burning altar of Makhleb.
  7799 | D:7      | Reached XP level 10. HP: 76/80 MP: 10/10
  7958 | D:8      | Noticed Eustachio
  7961 | D:8      | Noticed a two-headed ogre
  7978 | D:8      | Killed a two-headed ogre
  8033 | D:8      | Killed Eustachio
  8370 | D:8      | Found a staircase to the Lair.
  8370 | D:8      | Noticed a komodo dragon
  8485 | D:9      | Noticed a two-headed ogre
  8486 | D:9      | Noticed a kobold demonologist
  8497 | D:9      | Noticed a soul eater
  8503 | D:9      | Killed a two-headed ogre
  8516 | D:9      | Noticed an ice devil
  8526 | D:9      | Killed a kobold demonologist
  8712 | D:9      | Reached ***** piety under Wu Jian
  8836 | D:9      | Identified the +2 pair of gloves "Gufee" {SInv}
  8997 | D:9      | Reached XP level 11. HP: 87/89 MP: 11/11
  9294 | D:9      | Noticed a two-headed ogre
  9312 | D:9      | Killed a two-headed ogre
  9313 | D:9      | Reached skill level 10 in Fighting
  9736 | D:10     | Entered Level 10 of the Dungeon
  9736 | D:10     | Noticed a two-headed ogre
  9741 | D:10     | Killed a two-headed ogre
 10037 | D:10     | Reached skill level 10 in Dodging
 10039 | D:10     | Reached skill level 10 in Unarmed Combat
 10153 | D:10     | Reached skill level 1 in Shapeshifting
 10153 | D:10     | Noticed a soul eater
 11042 | D:11     | Noticed a two-headed ogre
 11060 | D:11     | Killed a two-headed ogre
 11153 | D:11     | Reached skill level 5 in Shapeshifting
 11153 | D:11     | Reached XP level 12. HP: 70/97 MP: 12/12
 11281 | D:11     | Noticed Erolcha
 11292 | D:11     | Killed Erolcha
 11510 | D:11     | Noticed a two-headed ogre
 11541 | D:11     | Killed a two-headed ogre
 12390 | D:11     | Found an ornate altar of the Wu Jian Council.
 12762 | D:10     | Noticed a two-headed ogre
 12773 | D:10     | Killed a two-headed ogre
 12902 | D:8      | Noticed Joseph
 12914 | D:8      | Killed Joseph
 13019 | D:8      | Noticed Grum
 13026 | D:8      | Killed Grum
 13068 | Lair:1   | Entered Level 1 of the Lair of Beasts
 13888 | Lair:1   | Reached XP level 13. HP: 64/103 MP: 13/13
 14073 | Lair:1   | Reached skill level 10 in Shapeshifting
 14945 | Lair:2   | Found a staircase to the Snake Pit.
 15263 | Lair:2   | Noticed a seven-headed hydra
 15274 | Lair:2   | Killed a seven-headed hydra
 15693 | Lair:2   | Found a runed translucent door.
 15694 | Lair:2   | Noticed a catoblepas
 15694 | Lair:2   | Noticed Mightysalt's ghost (journeyman DrBe)
 15716 | Lair:2   | Found a staircase to the Shoals.
 16703 | Lair:3   | Noticed an eight-headed hydra
 16712 | Lair:3   | Killed an eight-headed hydra
 17004 | Lair:3   | Noticed a six-headed hydra
 17016 | Lair:3   | Killed a six-headed hydra
 17587 | Lair:3   | Reached XP level 14. HP: 39/113 MP: 14/14
 17594 | Lair:3   | Noticed Urug
 18013 | Lair:3   | Killed Urug
 18565 | Lair:4   | Learned a level 1 spell: Apportation
 18569 | Lair:4   | Learned a level 3 spell: Ozocubu's Armour
 19406 | Lair:4   | Identified the +0 ring mail "Aneddias" {Int+3}
 19621 | Lair:5   | Entered Level 5 of the Lair of Beasts
 19680 | Lair:5   | HP: 6/136 [yak (9)]
 19750 | Lair:5   | HP: 5/138 [boulder beetle (18)]
 19764 | Lair:5   | HP: 3/138 [cane toad (5)]
 20355 | D:12     | Found a staircase to the Orcish Mines.
 21126 | Orc:1    | Entered Level 1 of the Orcish Mines
 21293 | Orc:2    | Entered Level 2 of the Orcish Mines
 21321 | Orc:2    | Found a staircase to the Elven Halls.
 22351 | Orc:2    | Found Yhecoll's Assorted Antiques.
 22351 | Orc:2    | Found Jaogof's Antique Armour Shoppe.
 22353 | Orc:2    | Reached XP level 15. HP: 85/116 MP: 15/15
 22642 | Orc:2    | Bought a potion of haste for 240 gold pieces
 22753 | Orc:2    | Found Murchiump's Armour Shop.
 22753 | Orc:2    | Found Myonoxzi's Jewellery Shoppe.
 24664 | Lair:5   | Found a staircase to the Slime Pits.
 26506 | D:13     | Noticed Kirke
 26844 | D:13     | Killed Kirke
 26852 | D:13     | Identified the +7 flail of Veucid {speed, rN+ Str+3}
 26918 | D:13     | Reached XP level 16. HP: 85/131 MP: 16/16
 27311 | D:13     | Found a gate to the Vaults.
 27681 | D:13     | Noticed Maurice
 27689 | D:13     | Killed Maurice
 27875 | D:14     | Noticed Azrael
 27897 | D:14     | Killed Azrael
 28647 | D:14     | Found a portal to a secret trove of treasure.
 29079 | D:15     | Entered Level 15 of the Dungeon
 29107 | D:14     | Reached ****** piety under Wu Jian
 30063 | D:15     | Found a white marble altar of Elyvilon.
 30566 | D:15     | Found a staircase to the Depths.
 31676 | Shoals:1 | Entered Level 1 of the Shoals
 31691 | Shoals:1 | Found Apunkat's Antique Armour Shop.
 31729 | Shoals:1 | Bought a shiny buckler for 210 gold pieces
 33986 | Shoals:2 | Reached XP level 17. HP: 110/140 MP: 17/17
 34313 | Shoals:2 | Found a runed translucent gate.
 34433 | Shoals:2 | Noticed Polyphemus
 34433 | Shoals:2 | Found the +8 orange crystal plate armour {Archmagi, Int+3
                  | Clar}
 34743 | Shoals:3 | Found a runed translucent door.
 34749 | Shoals:3 | Found a corrupted altar of Lugonu.
 34749 | Shoals:3 | Found a one-way gate to the infinite horrors of the Abyss.
 35155 | Shoals:3 | HP: 8/168 [alligator snapping turtle (27)]
 35167 | Shoals:3 | HP: 9/252 [merfolk javelineer/javelin (10)]
 35175 | Shoals:3 | Hit by a javelin thrown by a merfolk javelineer

Illustrated notes

Levels and vault maps discovered:
D:1:      amcnicky_arrival_abandoned_market, layout_basic,
          ebering_ecumenical_altar_sacrificial, serial_shops, shop
D:2:      layout_basic
D:3:      layout_loops_corners, cheibrodos_sewer_entry_bend, uniq_ijyb,
          uniq_sigmund
D:4:      layout_cave_pools, minmay_temple_entry_mini_moons, serial_demonic,
          serial_demonic_e, serial_demonic_g, serial_demonic_f,
          serial_demonic_e, minmay_misc_feat_rows
D:5:      layout_cave_pods, serial_shops, shop, columned_hall_lemuel, uniq_pikel
D:6:      layout_loops_ring, mainiacjoe_overflow_cross_hatched,
          minmay_misc_feat_columns, grunt_ministairs_12,
          kennysheep_big_empty_room
D:7:      layout_loops_ring, bloody_trog, gammafunk_temple_overflow_arena,
          makhleb_grotto_becter, minmay_misc_feat_x, minmay_chambers_of_fives
D:8:      layout_loops_ring, david_lair_shrubbed, sword_in_stone, uniq_grum,
          uniq_joseph
D:9:      layout_loops_ring, grunt_ministairs_2
D:10:     layout_long_grid
D:11:     layout_basic, nzn_wu_jian_council_hall, uniq_erolcha
D:12:     layout_roguey, david_orc_1_choice
D:13:     layout_big_octagon, hellmonk_vaults_attempted_burglary, uniq_maurice,
          uniq_kirke
D:14:     layout_roguey, trove_entry_hex_spiral, minmay_misc_feat_doors,
          uniq_azrael
D:15:     hangedman_depths_entry_civil_slaughter, layout_long_grid,
          portal_ice_cave_entry_ice_statue_two, elyvilon_altar_4
Temple:   mainiacjoe_temple_bowtie_tessellation
Lair:1:   layout_regular_city, nicolae_quartered_pool_little,
          chequers_serial_rivers_large_a, beast_lair_carwin_11
Lair:2:   layout_cave_pods, nicolae_shoals_entry_roost,
          nicolae_snake_entry_warm_welcome, ebering_ghost_inner_flame,
          serial_bayou_shore_b, grunt_megastairs_3
Lair:3:   layout_roguey, special_room [special_room_mythical_zoo],
          guppyfry_lair_drakes, grunt_megastairs_4, uniq_urug
Lair:4:   layout_regular_city, chequers_serial_rivers_small_3
Lair:5:   evilmike_catoblepas_cave, layout_long_grid,
          nicolae_slime_entry_field_trip, gauntlet_entry_generic,
          hangedman_lair_unloving_vines
Shoals:1: layout_shoals, serial_shops, nicolae_shop_peninsula
Shoals:2: layout_shoals, ebering_ghost_rock_garden,
          nicolae_shoals_bring_sunscreen, uniq_polyphemus
Shoals:3: layout_shoals, nicolae_shoals_abyss_on_the_beach
Orc:1:    layout_caves
Orc:2:    st_orc_town, layout_diamond_mine, basic_altar, mines3_lemuel

Skill      XL: |  1  2  3  4  5  6  7  8  9 10 11 12 13 14 15 16 |
---------------+-------------------------------------------------+-----
Fighting       | 2 3 4 5 6 7 9 10 11 12 13 14 | 14.6
Unarmed Combat | 1 2 3 4 5 7 8 10 11 12 13 14 | 14.6
Dodging        | 2 3 4 5 7 9 10 11 12 13 14 | 14.6
Shapeshifting  | 5 9 10 11 12 13 | 13.4
Long Blades    | |  1.0
Throwing       | |  1.0
Stealth        | |  3.0
Evocations     | |  3.0

Action                     |  1- 3 |  4- 6 |  7- 9 | 10-12 | 13-15 | 16-18 || total
---------------------------+-------+-------+-------+-------+-------+-------++-------
  Melee: Dagger            |   110 |   145 |   119 |       |       |       ||   374
         Punch             |     1 |     1 |    19 |    61 |       |       ||    82
         Unarmed           |       |       |   286 |   855 |  1190 |   563 ||  2894
         Constrict         |       |       |       |     9 |   222 |   108 ||   339
  Throw: Dart              |       |       |    17 |    69 |       |       ||    86
 Invoke: Heavenly Storm    |       |       |       |     2 |     2 |     1 ||     5
         Serpent's Lash    |       |       |       |     1 |       |       ||     1
Ability: Lunge             |    13 |     9 |    22 |    37 |    56 |    46 ||   183
         Whirlwind         |     5 |     5 |    24 |    39 |    83 |    45 ||   201
         Wall Jump         |       |       |       |     1 |     1 |       ||     2
  Evoke: Wand              |       |     7 |     7 |    23 |     6 |     5 ||    48
         Condenser vane    |       |       |       |       |       |     1 ||     1
    Use: Scroll            |     8 |     4 |     6 |     4 |    15 |     2 ||    39
         Potion            |       |       |     6 |     6 |    12 |     4 ||    28
   Stab: Sleeping          |     5 |     5 |     2 |     2 |    15 |    10 ||    39
         Distracted        |       |     1 |       |       |     5 |       ||     6
         Petrifying        |       |       |       |       |       |     1 ||     1
 Armour: Leather armour    |     5 |       |       |       |       |       ||     5
         Ring mail         |    32 |    34 |   176 |   209 |       |       ||   451
         Skin              |       |       |       |    17 |   412 |   129 ||   558
  Dodge: Dodged            |    38 |   108 |   312 |   573 |   914 |   439 ||  2384
  Block: Other             |       |       |       |    30 |   252 |   127 ||   409
         Reflection        |       |       |       |       |     4 |    17 ||    21
   Form: Anaconda          |       |       |       |     1 |       |       ||     1

Table legend: (Time is in decaauts)
 A = Elapsed time spent in this place.
 B = Non-inter-level travel time spent in this place.
 C = Inter-level travel time spent in this place.
 D = Time resting spent in this place.
 E = Time spent auto-exploring this place.
 F = Levels seen in this place.
 G = Mean time per level.
                   A        B        C        D        E       F      G
               +--------+--------+--------+--------+--------+-----+--------+
         Total |  34819 |  32839 |   1980 |   4022 |  22790 |  27 | 1289.6 |
       Dungeon |  18882 |  17462 |   1420 |   1299 |  13049 |  15 | 1258.8 |
        Temple |      2 |      2 |      0 |      0 |      0 |   1 |    2.0 |
          Lair |   9792 |   9320 |    472 |   1722 |   5936 |   5 | 1958.4 |
        Shoals |   3436 |   3436 |      0 |    262 |   2604 |   3 | 1145.3 |
  Orcish Mines |   2185 |   2099 |     86 |    738 |    902 |   2 | 1092.5 |
         Sewer |    519 |    519 |      0 |      0 |    299 |   1 |  519.0 |
               +--------+--------+--------+--------+--------+-----+--------+

Top non-repeatable levels by time:
  Lair:3: 2136 daAuts
  Lair:4: 2057 daAuts
    D:15: 1922 daAuts
  Lair:5: 1902 daAuts
  Lair:1: 1876 daAuts
    D:11: 1875 daAuts
  Lair:2: 1819 daAuts
    D:14: 1641 daAuts
Shoals:1: 1416 daAuts
   Orc:2: 1372 daAuts
    D:12: 1347 daAuts
Shoals:2: 1315 daAuts
     D:9: 1311 daAuts
    D:10: 1288 daAuts
     D:4: 1156 daAuts
